 Dungeon Crawl Stone Soup version 0.22-a0-863-g005b4bd (webtiles) character file.

231 Brynnhild the Cudgeler (level 5, 0/45 HPs)
             Began as a Draconian Fighter on July 27, 2018.
             Was an Initiate of Cheibriados.
             Killed from afar by an orc wizard (6 damage)
             ... with a magic dart
             ... on level 4 of the Dungeon.
             The game lasted 00:10:43 (3104 turns).

Brynnhild the Cudgeler (Draconian Fighter)          Turns: 3104, Time: 00:10:44

Health: 0/45       AC:  5    Str: 20    XL:     5   Next: 72%
Magic:  5/5        EV: 10    Int:  9    God:    Cheibriados [......]
Gold:   56         SH:  9    Dex: 12    Spells: 4/4 levels left

rFire    + . .     SeeInvis .   a - +0 flail
rCold    x . .     Gourm    .   b - +0 shield
rNeg     . . .     Faith    .   (armour unavailable)
rPois    .         Spirit   .   (helmet restricted)
rElec    .         Reflect  .   (no cloak)
rCorr    .         Harm     .   (no gloves)
MR       .....                  (no boots)
Stlth    +.........             h - amulet of magic regeneration
HPRegen  0.15/turn              m - ring of fire
MPRegen  0.34/turn              (no ring)

@: very slow
A: unfitting armour, cold-blooded, AC +5
a: Bend Time, Renounce Religion


You were on level 4 of the Dungeon.
You worshipped Cheibriados.
Cheibriados was noncommittal.
You were hungry.

You visited 1 branch of the dungeon, and saw 4 of its levels.

You collected 168 gold pieces.
You spent 112 gold pieces at shops.

Inventory:

Hand Weapons
 a - a +0 flail (weapon)
Armour
 b - a +0 shield (worn)
Jewellery
 h - an amulet of magic regeneration (around neck)
 m - a ring of fire (left hand)
Scrolls
 g - a scroll of magic mapping {unknown}
 i - a scroll of enchant armour {unknown}
 j - 3 scrolls of teleportation {unknown}
 k - a scroll of blinking {unknown}
 l - a scroll of immolation {unknown}
 o - a scroll of remove curse {unknown}
 p - a scroll of fear {unknown}
 r - a scroll of enchant weapon {unknown}
 t - a scroll of identify {unknown}
 w - a scroll of fog {unknown}
Potions
 c - a potion of might
 e - 7 potions of curing
 f - 4 potions of heal wounds
 n - a potion of flight {unknown}
 q - a potion of lignification {unknown}
 s - a potion of agility {unknown}
 u - a potion of ambrosia {unknown}
 v - a potion of haste {unknown}
Comestibles
 d - 5 rations


   Skills:
 + Level 3.3 Fighting
 + Level 6.0 Maces & Flails
 + Level 2.7 Dodging
 + Level 3.0 Shields


You had 4 spell levels left.
You didn't know any spells.
Your spell library was empty.

Dungeon Overview and Level Annotations

Branches:
Dungeon (4/15)
 Temple: D:4-7

Altars:
Ashenzari
Cheibriados
Elyvilon
Nemelex Xobeh

Shops:
D:4 !


Innate Abilities, Weirdness & Mutations

Your plain brown scales are hard. (AC +5)
You cannot fit into any form of body armour.
You are cold-blooded and may be slowed by cold attacks.


Message History

You thump the orc wizard!
You tail-slap the orc wizard, but do no damage.
The orc wizard is almost dead.
You block the orc wizard's attack.
You thump the adder skeleton!
The adder skeleton is severely damaged.
The orc wizard hits you but does no damage.
The adder skeleton closely misses you. The orc wizard hits you with a dagger.
* * * LOW HITPOINT WARNING * * *
You block the adder skeleton's attack.
You hit the adder skeleton.
You destroy the adder skeleton!
Cheibriados thoroughly appreciates the change of pace.
The orc wizard hits you but does no damage. x2
Unknown command.
You hit the orc wizard.
The orc wizard is almost dead.
The orc wizard gestures at you while chanting.
The magic dart hits you!
You die...

#.......)∩...##.....
#..†....⌠.⌠..##.....
....[..............###. .
...................... ..
................####.# ...
..............#....!.#....
..............####.)).....
..............o####.......
########@oOs)[......
###o)........ #.##.##....
...# .# ### ..... ..
#...... ... ##.........#
..........#


You could see an ogre, an orc wizard, 2 orcs and a giant cockroach.

Vanquished Creatures
  An ogre (D:3)
  7 adders
  An ooze (D:3)
  An adder skeleton (D:4)
  2 worms (D:2)
  2 leopard geckos
  3 orcs
  4 ball pythons
  8 goblins
  5 hobgoblins
  6 jackals (D:2)
  3 quokkas
  8 bats
  4 frilled lizards
  4 kobolds
  15 rats
74 creatures vanquished.

Notes
Turn   | Place    | Note
-------+----------+-------------------------------------------
     0 | D:1      | Brynnhild the Draconian Fighter began the quest for the Orb.
     0 | D:1      | Reached XP level 1. HP: 19/19 MP: 1/1
   100 | D:1      | Found a sparkling altar of Nemelex Xobeh.
   441 | D:1      | Reached XP level 2. HP: 26/26 MP: 2/2
   578 | D:1      | Reached skill level 3 in Maces & Flails
  1063 | D:2      | Reached XP level 3. HP: 31/31 MP: 3/3
  1145 | D:2      | Reached skill level 4 in Maces & Flails
  1227 | D:2      | Reached XP level 4. HP: 15/38 MP: 4/4
  1239 | D:2      | HP: 1/38 [bat (1)]
  1245 | D:2      | HP: 1/38 [bat (1)]
  2271 | D:3      | Noticed an ogre
  2279 | D:3      | Killed an ogre
  2279 | D:3      | Reached skill level 5 in Maces & Flails
  2279 | D:3      | Reached XP level 5. HP: 21/45 MP: 5/5
  2809 | D:3      | Found a snail-covered altar of Cheibriados.
  2809 | D:3      | Found a shattered altar of Ashenzari.
  2810 | D:3      | Found a white marble altar of Elyvilon.
  2814 | D:3      | Became a worshipper of Cheibriados the Contemplative
  2950 | D:3      | Reached skill level 6 in Maces & Flails
  3049 | D:4      | Found Yfohe's Distillery.
  3067 | D:4      | Bought a potion of curing for 42 gold pieces
  3067 | D:4      | Bought a potion of heal wounds for 70 gold pieces
  3087 | D:4      | Noticed an ogre
  3104 | D:4      | Killed from afar by an orc wizard

Vault maps used:
D:1:      saegor_arrival_simple_a, nemelex_xobeh_ov_fountains_minmay
D:2:      minmay_unequal
D:3:      grunt_temple_overflow_open, first_ration
D:4:      serial_shops, shop_fountains

Skill      XL: |  1  2  3  4  5 |
---------------+----------------+-----
Maces & Flails | 3 4 5 6 |  6.0
Fighting       | |  3.3
Dodging        | |  2.7
Shields        | |  3.0

Action                   |  1- 3 |  4- 6 || total
-------------------------+-------+-------++-------
Melee: Flail             |    93 |   148 ||   241
       Tailslap          |     7 |    16 ||    23
 Stab: Sleeping          |     1 |     3 ||     4
  Eat: Chunk             |     1 |     6 ||     7
Armor: Skin              |    22 |    55 ||    77
Dodge: Dodged            |    38 |    87 ||   125
Block: Shield            |    62 |    94 ||   156

Table legend:
 A = Spawn XP
 B = Non-spawn XP
 C = Spawn XP percentage of total XP
 D = Spawn monster count
 E = Non-spawn monster count
 F = Spawn count percentage of total count
 G = Total turns spent on level
                    A         B        C        D         E        F      G
               +---------+---------+-------+---------+---------+-------+---------
         Total |       0 |     330 |   0.0 |       0 |      74 |   0.0 |  3104
               +---------+---------+-------+---------+---------+-------+---------
           D:1 |       0 |      22 |   0.0 |       0 |      17 |   0.0 |   742
           D:2 |       0 |     127 |   0.0 |       0 |      39 |   0.0 |  1319
           D:3 |       0 |     168 |   0.0 |       0 |      14 |   0.0 |   988
           D:4 |       0 |      13 |   0.0 |       0 |       4 |   0.0 |    55
               +---------+---------+-------+---------+---------+-------+---------
